Map: Ruins of Endion

Players

Miszu - Winner!

  • Race: Terran Terran
  • League: Master

Chabby

  • Race: Protoss Protoss
  • League: Grandmaster

VOD

Have the link to the VOD?

Description

Time

  • Played on: April 24, 2016, 12:10 p.m.
  • Length: 10:02
Show
View Real Time Build Order
Export as new Build Order

Miszu Terran - Winner!

Build Orders: Command Center First (CC), MMM Bio 

Get SALT Encoding   

  12  0:00  SCV  
  13  0:12  SCV  
  14  0:17  Supply Depot  
  14  0:25  SCV  
  15  0:39  SCV  
  16  0:51  SCV  
  17  0:59  Command Center  
  17  1:03  SCV  
  18  1:15  SCV  
  18  1:16  Barracks  
  19  1:27  SCV  
  19  1:30  Barracks  
  20  1:39  SCV  
  21  1:44  Barracks  
  21  1:51  SCV  
  22  2:07  Marine  
  23  2:09  Orbital Command  
  23  2:11  Orbital Command  
  23  2:17  Marine  
  23  2:22  Supply Depot  
  24  2:30  Bunker  
  24  2:32  Marine x2  
  26  2:37  Marine  
  26  2:49  Marine  
  26  2:50  Marine  
  27  2:55  Marine  
  28  3:06  Supply Depot  
  28  3:07  Marine x2  
  27  3:12  Marine  
  26  3:25  Marine x2  
  27  3:30  Marine  
  28  3:35  SCV x2  
  28  3:36  Refinery  
  30  3:43  Bunker, Marine x2  
  30  3:47  SCV  
  30  3:48  Marine  
  33  3:56  SCV  
  33  3:59  SCV  
  33  4:01  Marine x2  
  36  4:06  Marine  
  36  4:09  SCV  
  38  4:10  Refinery  
  38  4:11  SCV  
  38  4:19  Marine x2  
  38  4:21  SCV  
  38  4:23  SCV  
  42  4:25  Barracks Tech Lab  
  42  4:35  SCV, Orbital Command  
  43  4:40  Supply Depot  
  43  4:43  Supply Depot  
  43  4:44  Marine x2  
  45  4:47  SCV  
  46  4:56  Stimpack  
  46  4:57  Engineering Bay  
  46  5:00  Supply Depot  
  46  5:01  Marine  
  46  5:02  Marine, SCV x2  
  46  5:04  Marine  
  51  5:09  Bunker  
  51  5:14  SCV x2  
  53  5:20  Marauder  
  55  5:21  Marine  
  55  5:22  Factory  
  55  5:26  SCV x2  
  58  5:30  Missile Turret  
  58  5:35  Missile Turret  
  58  5:37  Orbital Command  
  58  5:38  SCV  
  58  5:50  Marine, SCV  
  58  5:51  Marauder  
  62  6:02  SCV  
  62  6:03  SCV  
  63  6:14  SCV  
  63  6:15  SCV  
  64  6:18  Missile Turret  
  64  6:19  Marauder  
  64  6:23  Starport, Terran Infantry Weapons Level 1, Factory Reactor  
  68  6:26  SCV  
  68  6:28  SCV  
  70  6:33  Refinery  
  70  6:36  Barracks Reactor  
  70  6:37  Barracks Tech Lab, Barracks  
  70  6:38  SCV  
  69  6:40  Barracks, SCV  
  70  6:54  Refinery  
  70  6:57  Marine  
  70  6:58  Supply Depot, SCV x2  
  70  6:59  Supply Depot  
  73  7:06  Marauder, Combat Shields, Concussive Shells  
  75  7:08  Factory Reactor  
  75  7:10  SCV x2  
  77  7:17  Marine  
  77  7:19  Marine  
  77  7:20  Marauder  
  77  7:21  Supply Depot  
  77  7:22  SCV  
  83  7:26  Barracks Reactor  
  83  7:29  Medivac  
  83  7:34  Supply Depot  
  83  7:35  Medivac, Barracks Tech Lab  
  85  7:37  Marine, Marauder  
  85  7:40  Marine  
  85  7:41  Marauder  
  91  7:45  Widow Mine x2  
  91  7:48  Supply Depot  
  95  7:55  Marine, Marauder  
  95  7:57  Marine  
  99  7:59  Marauder  
  99  8:03  Marauder  
  103  8:06  Marine x2  
  103  8:08  Medivac  
  103  8:12  Supply Depot, Marine  
  107  8:14  Supply Depot  
  107  8:15  Marine  
  107  8:17  Widow Mine  
  107  8:18  Medivac  
  107  8:19  Marine  
  114  8:28  Marine  
  114  8:29  Marauder  
  119  8:34  Supply Depot, Marine x2, Marauder  
  120  8:42  Marauder  
  120  8:46  Marine x2  
  117  8:50  Marauder  
  117  8:52  Marine x2  
  119  8:56  Marauder  
  119  9:03  Marine  
  119  9:04  Marine x2  
  119  9:05  Medivac  
  124  9:10  Marine  
  124  9:11  Marauder  
  126  9:17  Marauder  
  126  9:20  Widow Mine  
  126  9:21  Medivac, Marauder  
  132  9:28  Marine  
  127  9:33  Marauder  
  130  9:38  Marauder  
Show
View Real Time Build Order
Export as new Build Order

Chabby Protoss 

Build Orders:  

Get SALT Encoding   

  12  0:01  Probe (Chrono Boost)  
  13  0:11  Probe (Chrono Boost)  
  14  0:18  Pylon  
  14  0:22  Probe (Chrono Boost)  
  15  0:36  Probe (Chrono Boost)  
  15  0:38  Gateway  
  16  0:46  Assimilator  
  16  0:48  Probe (Chrono Boost)  
  17  0:56  Pylon  
  17  0:59  Probe (Chrono Boost)  
  18  1:10  Probe (Chrono Boost)  
  19  1:17  Gateway  
  19  1:26  Cybernetics Core  
  19  1:28  Probe (Chrono Boost)  
  20  1:35  Assimilator  
  20  1:39  Probe (Chrono Boost)  
  21  1:49  Probe (Chrono Boost)  
  22  2:02  Mothership Core (Chrono Boost)  
  22  2:05  Adept (Chrono Boost)  
  22  2:06  Adept (Chrono Boost)  
  28  2:12  Warp Gate  
  28  2:25  Pylon  
  28  2:29  Adept (Chrono Boost)  
  32  2:47  Adept (Chrono Boost)  
  32  2:49  Pylon, Probe  
  33  2:53  Adept (Chrono Boost)  
  33  3:13  Adept (Chrono Boost)  
  33  3:16  Adept (Chrono Boost)  
  33  3:22  Mothership Core (Chrono Boost)  
  35  3:30  Twilight Council  
  35  3:37  Adept  
  31  4:08  Probe (Chrono Boost)  
  32  4:14  Dark Shrine  
  30  4:19  Stalker x2  
  30  4:22  Probe (Chrono Boost)  
  35  4:39  Nexus  
  35  4:41  Probe (Chrono Boost)  
  35  4:43  Gateway  
  36  4:57  Probe (Chrono Boost)  
  37  5:02  Assimilator  
  37  5:05  Robotics Facility  
  37  5:12  Probe (Chrono Boost)  
  38  5:23  Probe (Chrono Boost)  
  39  5:34  Pylon  
  39  5:40  Assimilator  
  39  5:53  Dark Templar x2  
  39  5:55  Probe (Chrono Boost)  
  39  5:57  Immortal (Chrono Boost)  
  48  6:10  Dark Templar  
  48  6:12  Probe  
  47  6:29  Immortal (Chrono Boost)  
  47  6:31  Dark Templar  
  47  6:32  Probe  
  52  6:33  Probe  
  53  6:44  Probe x2  
  55  6:49  Resonating Glaives (Chrono Boost)  
  55  6:55  Gateway  
  55  6:56  Probe  
  55  6:57  Gateway, Probe  
  57  7:03  Immortal  
  57  7:11  Probe  
  62  7:28  Pylon  
  62  7:30  Pylon  
  62  7:33  Gateway  
  62  7:36  Pylon  
  62  7:41  Immortal  
  62  7:46  Probe x2  
  68  7:53  Dark Templar  
  68  7:54  Adept  
  72  8:01  Adept  
  72  8:10  Adept  
  74  8:15  Warp Prism  
  74  8:18  Adept x2  
  79  8:29  Adept x2  
  83  8:35  Dark Templar  
  83  8:41  Archon  
  71  8:52  Adept  
  71  8:53  Adept x4  
  71  8:58  Immortal  
  71  9:09  Adept  
  71  9:19  Dark Templar  
  71  9:21  Dark Templar  
  71  9:23  Dark Templar  
  56  9:38  Dark Templar  
  56  9:39  Adept  
Tags
 
Add a new tag
Caveats
  • Supply blocks, unpowered buildings, or Contaminate may cause inaccurate times.
  • Supply counts are checked every 10 seconds.